Map: Ulrena

Players

VeNi

  • Race: Zerg Zerg
  • League: Master

Miszu - Winner!

  • Race: Terran Terran
  • League: Master

VOD

Have the link to the VOD?

Description

Time

  • Played on: April 19, 2016, 12:09 p.m.
  • Length: 11:24
Show
View Real Time Build Order
Export as new Build Order

VeNi Zerg 

Build Orders: Hatch First 

Get SALT Encoding   

  12  0:00  Drone  
  13  0:12  Overlord  
  13  0:17  Drone  
  14  0:31  Drone x2  
  14  0:34  Drone  
  17  0:45  Drone  
  18  0:59  Hatchery  
  18  1:03  Extractor  
  16  1:12  Spawning Pool  
  16  1:15  Drone  
  16  1:19  Drone  
  16  1:23  Drone  
  18  1:28  Drone  
  19  1:38  Drone  
  20  1:51  Drone  
  21  2:01  Overlord  
  21  2:08  Extractor, Queen  
  21  2:14  Drone  
  21  2:15  Queen  
  23  2:16  Zergling x2  
  23  2:18  Metabolic Boost  
  26  2:23  Zergling x2  
  27  2:31  Zergling x2  
  27  2:33  Zergling x4  
  30  2:47  Roach Warren, Drone  
  30  3:02  Drone x2  
  30  3:05  Drone x3  
  34  3:16  Drone  
  34  3:18  Overlord  
  35  3:24  Overlord  
  35  3:27  Overlord  
  35  3:38  Drone x2  
  35  3:39  Drone  
  38  3:42  Drone  
  38  3:43  Hatchery  
  38  3:49  Drone  
  38  3:53  Queen  
  41  3:59  Overlord  
  41  4:02  Drone  
  42  4:03  Drone  
  42  4:06  Roach x2  
  42  4:07  Roach  
  49  4:11  Overlord  
  49  4:18  Roach  
  49  4:19  Roach x2  
  53  4:27  Drone x3  
  53  4:30  Drone x2  
  56  4:38  Extractor  
  55  4:40  Extractor, Drone  
  55  4:41  Drone x3, Spore Crawler  
  57  4:46  Lair  
  57  4:54  Drone x2  
  57  4:56  Drone  
  58  5:13  Overlord  
  58  5:16  Spore Crawler  
  57  5:23  Drone x6  
  57  5:24  Drone  
  57  5:26  Drone  
  64  5:30  Overlord  
  64  5:35  Overlord  
  64  5:37  Evolution Chamber  
  64  5:39  Evolution Chamber  
  61  5:47  Drone  
  61  5:48  Overlord, Drone  
  59  5:54  Drone x2  
  59  5:56  Drone  
  59  6:08  Drone x4  
  59  6:09  Drone x5  
  59  6:10  Spore Crawler  
  67  6:14  Drone  
  67  6:15  Drone  
  69  6:19  Extractor  
  69  6:20  Drone  
  69  6:25  Spire  
  68  6:27  Drone  
  68  6:28  Infestation Pit  
  68  6:30  Zerg Missile Weapons Level 1  
  68  6:34  Zerg Ground Armor Level 1  
  68  6:39  Extractor  
  67  6:40  Drone x3  
  67  6:41  Extractor  
  67  6:42  Drone x2  
  67  6:45  Ravager  
  72  6:51  Drone x6  
  72  6:52  Drone  
  79  6:56  Drone  
  79  6:57  Overlord  
  80  7:04  Roach  
  80  7:05  Roach x3  
  80  7:08  Queen  
  85  7:23  Roach x6  
  85  7:24  Overlord  
  85  7:29  Drone  
  98  7:30  Drone x2  
  98  7:36  Drone  
  102  7:37  Overlord, Drone  
  102  7:49  Hive  
  102  7:50  Drone x2, Hatchery  
  103  8:02  Infestor  
  105  8:05  Drone  
  105  8:06  Drone  
  107  8:16  Drone  
  107  8:17  Drone x5  
  113  8:20  Overlord  
  113  8:27  Overseer  
  113  8:29  Pneumatized Carapace  
  113  8:32  Overlord  
  113  8:37  Zerg Missile Weapons Level 2  
  113  8:38  Zerg Ground Armor Level 2  
  113  8:40  Drone  
  114  8:42  Roach x5  
  114  8:43  Evolution Chamber  
  121  8:49  Roach  
  121  8:53  Glial Reconstitution  
  121  8:54  Zergling x2  
  121  8:55  Zergling x18  
  133  9:06  Hatchery  
  133  9:09  Ravager x2  
  134  9:16  Extractor, Queen  
  135  9:19  Drone x4  
  135  9:20  Drone x2  
  135  9:21  Overlord  
  141  9:27  Corruptor x2  
  141  9:28  Overlord x2, Greater Spire  
  141  9:29  Overlord x2  
  145  9:35  Extractor  
  145  9:36  Zergling x2  
  145  9:37  Zergling x6  
  145  9:38  Zergling x2  
  149  9:50  Zergling x12  
  149  9:51  Zergling x4  
  140  10:18  Ravager  
  140  10:19  Ravager  
  140  10:20  Drone  
  139  10:24  Corruptor x3  
  139  10:25  Roach  
  139  10:26  Roach x8  
  163  10:28  Overlord  
  160  10:42  Brood Lord  
  125  10:52  Corruptor  
  125  10:53  Brood Lord  
  125  10:56  Zergling x2  
  126  10:57  Zergling x34  
Show
View Real Time Build Order
Export as new Build Order

Miszu Terran - Winner!

Build Orders: Liberator Opening, Reaper Expand, MMM Bio 

Get SALT Encoding   

  12  0:00  SCV  
  13  0:13  SCV  
  14  0:17  Supply Depot  
  14  0:25  SCV  
  15  0:39  SCV  
  15  0:40  Barracks  
  16  0:44  Refinery  
  16  0:51  SCV  
  17  1:03  SCV  
  18  1:15  SCV  
  19  1:30  Orbital Command  
  19  1:31  Reaper  
  20  1:50  Command Center  
  20  1:57  SCV  
  21  2:01  Supply Depot  
  21  2:11  Barracks Reactor  
  21  2:12  SCV  
  22  2:20  Refinery  
  22  2:22  Factory  
  22  2:25  SCV  
  23  2:38  SCV  
  24  2:48  Marine x2  
  24  2:50  SCV  
  27  3:02  SCV  
  28  3:12  Starport  
  28  3:14  SCV  
  28  3:15  Factory Tech Lab  
  27  3:23  Marine x2  
  27  3:26  SCV  
  29  3:33  Liberator  
  29  3:34  Siege Tank  
  29  3:38  SCV  
  33  3:41  Marine x2  
  33  3:42  Supply Depot  
  33  3:43  Orbital Command  
  35  3:50  SCV  
  39  3:59  Marine x2  
  39  4:02  SCV  
  42  4:05  Orbital Command  
  42  4:14  SCV  
  42  4:16  Liberator  
  43  4:18  Command Center  
  43  4:26  SCV  
  44  4:31  SCV  
  48  4:39  SCV  
  48  4:43  SCV  
  50  4:50  Barracks  
  50  4:51  Barracks, SCV  
  51  4:55  SCV  
  52  5:03  SCV  
  53  5:08  SCV  
  54  5:14  Engineering Bay  
  54  5:15  Engineering Bay  
  54  5:27  Starport Reactor, Supply Depot  
  54  5:29  Marine, SCV x2  
  54  5:31  Refinery  
  54  5:32  Refinery  
  57  5:41  SCV x2  
  59  5:43  Barracks Tech Lab x2, Orbital Command  
  59  5:50  Marine  
  59  5:53  SCV x2  
  59  6:00  Terran Infantry Weapons Level 1, Terran Infantry Armor Level 1  
  59  6:03  Stimpack  
  59  6:06  SCV x2  
  59  6:07  Supply Depot  
  61  6:12  Barracks  
  61  6:15  Barracks  
  61  6:18  SCV x2  
  63  6:21  Medivac x2  
  67  6:27  Orbital Command  
  67  6:28  Marine  
  67  6:29  Marine x2  
  67  6:30  Supply Depot, SCV x2  
  72  6:32  Marine  
  72  6:33  Combat Shields  
  73  6:40  Supply Depot  
  73  6:42  SCV x2  
  73  6:46  Marine  
  73  6:47  Marine  
  76  6:52  Marine x2  
  79  6:54  SCV x2  
  79  6:57  SCV  
  82  7:02  Supply Depot, Barracks Reactor x2  
  82  7:05  Supply Depot  
  82  7:06  Marine, SCV x2  
  85  7:10  SCV  
  80  7:16  Siege Tank  
  80  7:18  SCV x2  
  80  7:19  Marine  
  80  7:22  SCV  
  87  7:24  Supply Depot  
  87  7:26  Marine x2  
  87  7:27  Marine  
  87  7:30  Supply Depot, SCV x2  
  87  7:34  SCV  
  87  7:35  Medivac  
  87  7:36  Supply Depot, Marine  
  93  7:41  Marine x3  
  93  7:42  Marine, SCV  
  93  7:44  Marine x3  
  97  7:49  Siege Tank  
  103  7:54  Marine  
  103  7:55  Factory  
  103  7:57  Refinery  
  104  7:59  Marine x3, Armory  
  104  8:00  Marine  
  104  8:02  Marine x2  
  104  8:04  Barracks  
  110  8:06  Barracks  
  110  8:08  Barracks  
  111  8:13  Supply Depot  
  111  8:15  Marine  
  111  8:16  Supply Depot  
  111  8:19  Marine x2  
  113  8:23  Medivac x2, Siege Tank  
  113  8:25  Marauder  
  113  8:26  Marauder  
  124  8:31  Supply Depot  
  124  8:33  Marine  
  124  8:34  Marine x2  
  126  8:36  Missile Turret  
  126  8:38  Marine x2  
  126  8:39  Marine  
  130  8:46  Marauder  
  130  8:47  Marauder  
  134  8:53  Supply Depot, Medivac  
  134  8:54  Supply Depot  
  136  8:55  SCV  
  136  8:56  Terran Infantry Armor Level 2, Terran Infantry Weapons Level 2  
  136  9:06  Marine  
  136  9:07  Barracks Tech Lab x3, Marauder  
  136  9:12  Thor  
  136  9:13  Factory Tech Lab  
  136  9:15  Marauder  
  144  9:23  Supply Depot x2  
  144  9:25  Marauder  
  144  9:28  Marauder x2, Concussive Shells  
  144  9:30  Medivac  
  152  9:32  Medivac  
  152  9:35  Marine  
  152  9:36  Marauder  
  157  9:55  Marine, Marauder  
  157  9:58  Marine  
  157  9:59  Marine x5, Marauder, Thor  
  168  10:00  Thor  
  168  10:03  Marauder  
  182  10:11  Marauder  
  179  10:18  Marauder  
  179  10:19  Marauder  
  182  10:27  Marine x7, Marauder  
  191  10:32  Marine  
  192  10:39  Marine  
  192  10:40  Marauder  
  195  10:44  Marine  
  195  10:45  Marine x2  
  193  10:50  Marine, Marauder  
  193  10:51  Marine x3  
  199  10:57  Supply Depot  
  199  11:00  Command Center  
  199  11:02  Marine  
Tags
 
Add a new tag
Caveats
  • Supply blocks, unpowered buildings, or Contaminate may cause inaccurate times.
  • Supply counts are checked every 10 seconds.